 Dungeon Crawl Stone Soup version 0.29-a0-1009-g60c99734e7 (webtiles) character file.

Game seed: 7174226055930139427

88 componib the Shooter (level 4, 0/38 HPs)
             Began as a Minotaur Hunter on Aug 8, 2022.
             Was an Initiate of Kikubaaqudgha.
             Slain by a black bear (3 damage)
             ... on level 4 of the Dungeon.
             The game lasted 00:10:27 (2587 turns).

componib the Shooter (Minotaur Hunter)              Turns: 2587, Time: 00:10:29

Health: 0/38       AC:  6    Str: 18    XL:     4   Next: 29%
Magic:  3/3        EV: 12    Int:  6    God:    Kikubaaqudgha [......]
Gold:   186        SH:  0    Dex: 16    Spells: 3/3 levels left

rFire   + . .      SeeInvis .   a - +0 shortbow
rCold   . . .      Faith    .   (shield currently unavailable)
rNeg    . . .      Spirit   .   u - +3 leather armour of Sish {Str+3}
rPois   .          Reflect  .   (helmet restricted)
rElec   .          Harm     .   (no cloak)
rCorr   .          Rampage  .   (no gloves)
Will    +....                   (no boots)
Stlth   +.........              (no amulet)
HPRegen 0.12/turn               f - ring of willpower
MPRegen 0.08/turn               r - ring of protection from fire

@: no status effects
A: horns 2, retaliatory headbutt
a: Renounce Religion


You were on level 4 of the Dungeon.
You worshipped Kikubaaqudgha.
Kikubaaqudgha was noncommittal.
You visited 2 branches of the dungeon, and saw 5 of its levels.

You collected 186 gold pieces.

Inventory:

Hand Weapons
 a - a +0 shortbow (weapon)
 d - a +0 dagger
 e - a +0 dagger
Armour
 s - a +1 ring mail of cold resistance
 u - the +3 leather armour of Sish (worn) {Str+3}
   (You found it on level 2 of the Dungeon)

   Str:       It affects your strength (+3).
Jewellery
 f - a ring of willpower (left hand)
 p - a ring of wizardry
 r - a ring of protection from fire (right hand)
 z - a ring of poison resistance
Wands
 w - a wand of roots (10)
Scrolls
 b - a scroll of immolation
 j - a scroll of fear {unknown}
 k - a scroll of enchant weapon {unknown}
 l - 2 scrolls of amnesia {unknown}
 n - a scroll of silence {unknown}
 t - 3 scrolls of identify {unknown}
 x - 2 scrolls of summoning {unknown}
 y - a scroll of enchant armour {unknown}
Potions
 h - 3 potions of brilliance {unknown}
 m - a potion of degeneration {unknown}
 o - 2 potions of berserk rage {unknown}
 q - 4 potions of curing {unknown}
 v - a potion of lignification {unknown}
 A - a potion of attraction {unknown}


   Skills:
 + Level 3.3 Fighting
 + Level 5.7 Ranged Weapons
 + Level 1.0 Armour
 + Level 2.5 Dodging
 + Level 0.8 Stealth


You had 3 spell levels left.
You didn't know any spells.
Your spell library was empty.

Dungeon Overview and Level Annotations

Branches:
Dungeon (4/15)             Temple (1/1) D:4

Altars:
Cheibriados
Dithmenos
Elyvilon
Fedhas
Gozag
Hepliaklqana
Kikubaaqudgha
Nemelex Xobeh
Sif Muna
Trog
Uskayaw
Vehumet
Wu Jian
Xom
Yredelemnul
Zin


Innate Abilities, Weirdness & Mutations

You have a pair of horns on your head.
You reflexively headbutt those who attack you in melee.


Message History

The black bear bites you. The black bear closely misses you.
The black bear claws you but does no damage.
Unknown command.
Fire: a) +0 shortbow
Press: ? - help, Q - select action, (/) - cycle Shift-Dir - straight line, f/p - black bear
Aim: a black bear (70% to hit)
You shoot an arrow. The arrow hits the black bear!
The black bear is heavily wounded.
The black bear bites you. The black bear closely misses you.
The black bear barely misses you. x2; You furiously retaliate!
You headbutt the black bear!
The black bear claws you but does no damage.
The black bear claws you.
Fire: a) +0 shortbow
Press: ? - help, Q - select action, (/) - cycle Shift-Dir - straight line, f/p - black bear
Aim: a black bear (severely wounded, 70% to hit)
You shoot an arrow.
The arrow hits the black bear but does no damage.
The black bear is severely wounded.
The black bear bites you. The black bear claws you.
* * * LOW HITPOINT WARNING * * *
The black bear misses you.
Fire: a) +0 shortbow
Press: ? - help, Q - select action, (/) - cycle Shift-Dir - straight line, f/p - black bear
Aim: a black bear (severely wounded, 70% to hit)
You shoot an arrow. The arrow hits the black bear.
The black bear is severely wounded.
The black bear goes berserk!
Fire: a) +0 shortbow
Press: ? - help, Q - select action, (/) - cycle Shift-Dir - straight line, f/p - black bear
Aim: a black bear (severely wounded, berserk, 70% to hit)
You shoot an arrow.
The arrow closely misses the black bear.
The black bear bites you.
* * * LOW HITPOINT WARNING * * *
The black bear barely misses you. x2; The black bear bites you!
* * * LOW HITPOINT WARNING * * *
The black bear claws you.
You die...
Kikubaaqudgha rasps: "You have failed me!
Welcome... death!"

### ### #.#######
#.#######
#.......#
#.......#
#.###.###
#.#####.# #.#
#.#######.# #.#
#.# #.........#
#.#
#.#############
#.# #....@.# #.(
#.# ######h# #.#
#.# #S# #.# #>#
.># ###.## #.# ...
.... #.# #..#
#.######.#
...######.>......#
...###......######
............#


You could see a black bear (berserk) and a ball python.

Vanquished Creatures
  An orc priest (D:4)
  An adder (D:3)
  A worm (D:2)
  A dart slug (D:2)
  2 orcs (D:4)
  4 bats
  5 endoplasms
  4 goblins
  5 hobgoblins
  4 quokkas
  9 ball pythons
  2 frilled lizards (D:2)
  2 rats
41 creatures vanquished.

Vanquished Creatures (others)
  5 plants
5 creatures vanquished.

Grand Total: 46 creatures vanquished

Notes
Turn   | Place    | Note
-------+----------+-------------------------------------------
     0 | D:1      | componib the Minotaur Hunter began the quest for the Orb.
     0 | D:1      | Reached XP level 1. HP: 18/18 MP: 0/0
   153 | D:1      | Reached XP level 2. HP: 25/25 MP: 1/1
   729 | D:2      | Reached skill level 5 in Ranged Weapons
   816 | D:2      | Reached XP level 3. HP: 30/30 MP: 2/2
   857 | D:2      | Found a faded altar of an unknown god.
  1292 | D:2      | Identified the +3 leather armour of Sish {Str+3}
  1999 | D:3      | Found a hide-covered altar of Uskayaw.
  2406 | D:4      | Found a staircase to the Ecumenical Temple.
  2414 | Temple   | Entered the Ecumenical Temple
  2489 | Temple   | Became a worshipper of Kikubaaqudgha
  2576 | D:4      | Noticed a black bear
  2582 | D:4      | Reached skill level 1 in Armour
  2582 | D:4      | Reached XP level 4. HP: 19/38 MP: 3/3
  2587 | D:4      | Slain by a black bear

Illustrated notes

Levels and vault maps discovered:
D:1:      dpeg_arrival_chambers_temple_mockup, layout_basic, minivault_4
D:2:      layout_basic, shapermc_ecumenical_altar_acropolis
D:3:      layout_basic, eat_drink_and_be_merry_uskayaw, chequers_jeans,
          columned_hall_lemuel, minmay_liquid_box
D:4:      wad_woods_tower, layout_basic, mainiacjoe_overflow_boulevard
Temple:   nicolae_temple_superstar

Skill      XL: |  1  2  3 |
---------------+----------+-----
Ranged Weapons | 5 |  5.7
Fighting       | 3 |  3.3
Armour         | 1 |  1.0
Dodging        | |  2.5
Stealth        | |  0.8

Action                   |  1- 3 |  4- 6 || total
-------------------------+-------+-------++-------
Melee: Shortbow          |     2 |       ||     2
 Fire: Shortbow          |   122 |     6 ||   128
  Use: Scroll            |     1 |       ||     1
Armor: Leather armour    |    12 |     2 ||    14
Dodge: Dodged            |    26 |     9 ||    35

Table legend: (Time is in decaauts)
 A = Elapsed time spent in this place.
 B = Non-inter-level travel time spent in this place.
 C = Inter-level travel time spent in this place.
 D = Time resting spent in this place.
 E = Time spent auto-exploring this place.
 F = Levels seen in this place.
 G = Mean time per level.
                   A        B        C        D        E       F      G
               +--------+--------+--------+--------+--------+-----+--------+
         Total |   2623 |   2623 |      0 |      0 |   1768 |   5 |  524.6 |
       Dungeon |   2508 |   2508 |      0 |      0 |   1768 |   4 |  627.0 |
        Temple |    114 |    114 |      0 |      0 |      0 |   1 |  114.0 |
               +--------+--------+--------+--------+--------+-----+--------+

Top non-repeatable levels by time:
     D:3: 918 daAuts
     D:2: 821 daAuts
     D:1: 624 daAuts
     D:4: 145 daAuts
  Temple: 114 daAuts
